 Dungeon Crawl Stone Soup version 0.26.0-15-gc6cd9f700b (webtiles) character file.

Game seed: 11054491176574914090

29 oldmanjim the Vexing (level 3, -2/28 HPs)
             Began as a Human Enchanter on Jan 14, 2021.
             Was a Follower of Cheibriados.
             Slain by a goblin (5 damage)
             ... led by Robin
             ... on level 2 of the Dungeon on Jan 15, 2021.
             The game lasted 00:19:54 (1726 turns).

oldmanjim the Vexing (Human Enchanter)              Turns: 1726, Time: 00:19:55

Health: -2/28      AC:  2    Str: 11    XL:     3   Next: 32%
Magic:  6/6        EV: 12    Int: 17    God:    Cheibriados [*.....]
Gold:   48         SH:  0    Dex: 15    Spells: 2/6 levels left

rFire    . . .     SeeInvis .   a - +1 dagger
rCold    . . .     Faith    .   (no shield)
rNeg     . . .     Spirit   .   b - +0 robe
rPois    .         Reflect  .   (no helmet)
rElec    .         Harm     .   (no cloak)
rCorr    .         Rampage  .   (no gloves)
Will     .....                  (no boots)
Stlth    ++........             i - amulet of regeneration
HPRegen  0.49/turn              (no ring)
MPRegen  0.10/turn              (no ring)

@: very slow
A: no striking features
a: Renounce Religion, Bend Time


You were on level 2 of the Dungeon.
You worshipped Cheibriados.
Cheibriados was aware of your devotion.
You visited 1 branch of the dungeon, and saw 2 of its levels.

You collected 48 gold pieces.

Inventory:

Hand Weapons
 a - a +1 dagger (weapon)
Missiles
 h - 47 stones
 p - 10 sling bullets
Armour
 b - a +0 robe (worn)
Jewellery
 i - an amulet of regeneration (around neck)
Scrolls
 e - a scroll of identify {unknown}
 g - a scroll of remove curse
 j - a scroll of random uselessness {unknown}
 k - a scroll of enchant armour {unknown}
 m - a scroll of magic mapping {unknown}
 o - 2 scrolls of teleportation {unknown}
 q - a scroll of enchant weapon {unknown}
Potions
 c - a potion of lignification {unknown}
 d - a potion of degeneration {unknown}
 f - a potion of magic {unknown}
 l - 2 potions of curing {unknown}
 n - a potion of berserk rage {unknown}


   Skills:
 + Level 2.5 Fighting
 - Level 1.0 Short Blades
 - Level 2.0 Dodging
 - Level 3.0 Stealth
 + Level 2.0 Spellcasting
 + Level 3.0 Hexes


You had 2 spell levels left.
You knew the following spells:

 Your Spells              Type           Power        Failure   Level
a - Corona                Hex            13%          5%          1
b - Confusing Touch       Hex            12%          16%         3

Your spell library contained the following spells:

 Spells                   Type           Power        Failure   Level
 Ensorcelled Hibernation  Hex/Ice        14%          16%         2
 Tukima's Dance           Hex            12%          16%         3
 Dazzling Flash           Conj/Hex       14%          30%         3


Dungeon Overview and Level Annotations

Branches:
Dungeon (2/15)

Altars:
Cheibriados
Sif Muna

Annotations:
D:2 Robin, Terence


Message History

Robin roars a battlecry!
The goblins go into a battle-frenzy!
Terence hits you with a +0 hand axe.
You hear a shout!
You hit Terence but do no damage.
Terence is moderately wounded.
You hit Terence.
Terence is heavily wounded.
Terence hits you but does no damage. Robin throws the goblin at you!
The goblin hits you but does no damage.
You hit Terence but do no damage.
Terence is heavily wounded.
Terence hits you with a +0 hand axe.
* * * LOW HITPOINT WARNING * * *
The goblin hits you.
* * * LOW HITPOINT WARNING * * *
You hit Terence.
Terence is severely wounded.
Terence barely misses you. The goblin hits you.
You die...

..............#......# #...#..
..............#......######...#..
........g.....'......'.....>.....
.....###......#......###+##......
.....####....g....$..#...........
........#.....#......#...........
.............#.#.....#...........
.#..........#.g@#....#...........
.#...........#.#@......#+#.......
..............#..g.....#.#.######
.........................#.## #
.................=........^.# ##
...................$........# #.
.......#####................## #.
......... ..................###.
......... .......................
............#.......##...........


You could see Terence, Robin, a hobgoblin (strong) and a goblin (strong).

Vanquished Creatures
  4 bats
  2 giant cockroaches (D:2)
  7 goblins
  6 hobgoblins
  5 kobolds (D:1)
  2 rats
26 creatures vanquished.

Notes
Turn   | Place    | Note
-------+----------+-------------------------------------------
     0 | D:1      | oldmanjim the Human Enchanter began the quest for the Orb.
     0 | D:1      | Reached XP level 1. HP: 13/13 MP: 3/3
   100 | D:1      | Upgraded the game from 0.26.0-11-g8f856b5395 to
                  | 0.26.0-15-gc6cd9f700b
   113 | D:1      | Reached skill level 1 in Fighting
   315 | D:1      | Reached XP level 2. HP: 10/21 MP: 5/5
  1049 | D:2      | Noticed Terence
  1219 | D:2      | Reached XP level 3. HP: 28/28 MP: 6/6
  1258 | D:2      | Learned a level 3 spell: Confusing Touch
  1355 | D:2      | Found a faded altar of an unknown god.
  1542 | D:2      | Found a shimmering blue altar of Sif Muna.
  1676 | D:2      | Became a worshipper of Cheibriados the Contemplative
  1676 | D:2      | Reached * piety under Cheibriados
  1721 | D:2      | Noticed Robin
  1726 | D:2      | Slain by a goblin

Illustrated notes

Levels and vault maps discovered:
D:1:      elethiomel_arrival_shortcut, layout_rooms
D:2:      layout_basic, old_standard_altar,
          chequers_ecumenical_altar_simple_redux, uniq_robin, uniq_terence

Skill      XL: |  1  2 |
---------------+-------+-----
Fighting       | 1 2 |  2.5
Short Blades   | |  1.0
Dodging        | |  2.0
Stealth        | |  3.0
Spellcasting   | |  2.0
Hexes          | |  3.0

Action                   || total
-------------------------++-------
Melee: Dagger            ||   150
Invok: Bend Time         ||     1
  Use: Scroll            ||     2
Armor: Robe              ||    35
Dodge: Dodged            ||    81
